 Dungeon Crawl Stone Soup version 0.22.2-1-ge965b3a (webtiles) character file.

76 smallpebble the Skirmisher (level 4, -1/40 HPs)
             Began as a Hill Orc Fighter on Apr 10, 2019.
             Was an Initiate of Ru.
             Killed by divine providence
             ... invoked by an orc priest
              (13 damage)
             ... on level 3 of the Dungeon.
             The game lasted 00:06:55 (1806 turns).

smallpebble the Skirmisher (Hill Orc Fighter)       Turns: 1806, Time: 00:06:56

Health: -1/40      AC:  8    Str: 19    XL:     4   Next: 32%
Magic:  4/4        EV:  8    Int:  8    God:    Ru [......]
Gold:   68         SH:  9    Dex: 10    Spells: 3/3 levels left

rFire    . . .     SeeInvis .   a - +0 war axe
rCold    . . .     Gourm    .   c - +0 shield
rNeg     . . .     Faith    +   b - +0 scale mail
rPois    +         Spirit   .   (no helmet)
rElec    .         Reflect  .   j - +0 cloak
rCorr    .         Harm     .   (no gloves)
MR       .....                  (no boots)
Stlth    ..........             o - amulet of faith
HPRegen  0.13/turn              p - ring of poison resistance
MPRegen  0.09/turn              (no ring)

@: no status effects
A: poison resistance, MP-powered wands
a: Renounce Religion, Convert to Beogh


You were on level 3 of the Dungeon.
You worshipped Ru.
Ru was noncommittal.
You were not hungry.

You visited 1 branch of the dungeon, and saw 3 of its levels.

You collected 68 gold pieces.

Inventory:

Hand Weapons
 a - a +0 war axe (weapon)
Armour
 b - a +0 scale mail (worn)
 c - a +0 shield (worn)
 j - a +0 cloak (worn)
Jewellery
 o - an amulet of faith (around neck)
 p - a ring of poison resistance (left hand)
Scrolls
 e - 2 scrolls of random uselessness {unknown}
 h - a scroll of identify
 i - 2 scrolls of magic mapping {unknown}
 k - a scroll of immolation {unknown}
 l - a scroll of fear {unknown}
 n - a scroll of remove curse {unknown}
 q - a scroll of amnesia {unknown}
Potions
 d - a potion of might
 g - a potion of flight
 r - a potion of agility {unknown}
Comestibles
 f - 5 rations


   Skills:
 - Level 4.0 Fighting
 - Level 3.1 Axes
 - Level 3.9 Armour
 + Level 1.9 Dodging
 - Level 3.4 Shields
   Level 0.4 Evocations


You had 3 spell levels left.
You didn't know any spells.
Your spell library contained the following spells:

 Spells                   Type           Power        Failure   Level  Hunger
 Beastly Appendage        Tmut           #.....       99%         1    ##.....
 Confusing Touch          Hex            #.....       99%         1    ##.....
 Sticks to Snakes         Tmut           #.......     100%        2    ###....
 Confuse                  Hex            #.......     100%        3    ####...
 Gell's Gravitas          Tloc           #.........   100%        3    ####...
 Spider Form              Tmut/Pois      #.........   100%        3    ####...
 Ice Form                 Ice/Tmut       #.......     100%        4    #####..
 Petrify                  Tmut/Erth      #.......     100%        4    #####..
 Blade Hands              Tmut           #.........   100%        5    ######.
 Metabolic Englaciation   Hex/Ice        #.........   100%        5    ######.
 Yara's Violent Unravell  Hex/Tmut       #.........   100%        5    ######.


Dungeon Overview and Level Annotations

Branches:
Dungeon (3/15)

Altars:
Ashenzari
Hepliaklqana
Ru

Annotations:
D:3 1 runed door


Innate Abilities, Weirdness & Mutations

Your system is resistant to poisons. (rPois)
You expend magic power (3 MP) to strengthen your wands.


Message History

You bump into the rock wall.
You bump into the rock wall.
An orc priest comes into view. It is wielding a flail.
The orc priest shouts, "Surrender to Beogh and we'll let you live!" (press Y on the ability menu to convert to Beogh)
The orc priest shouts!
You hear a shout!
An orc priest comes into view. It is wielding a hand axe.
You're too confused to move!
The orc priest shouts!
You hear a shout!
The orc priest mumbles some strange prayers to Beogh against you.
Beogh smites you!
You bump into the rock wall.
You feel less confused. The orc priest hits you with a flail.
You block the orc's attack.
The orc priest mumbles some strange prayers to Beogh against you.
Beogh smites you!
* * * LOW HITPOINT WARNING * * *
The orc priest invokes the aid of Beogh against you.
Beogh smites you!
You die...

#.#.##.##.###...
#.#.##.##.# #... .##
####.#.##.##.# #... ...
..#......##.###... #.#
#.###.##..........
##o######.###.##..........
................##.####..
#.######.######.##.# ###
#.######o######@...#
####.#
#........o.o.o...### ###
########.o#####..# #..#
#..######## #..#
#.......... #..#
#..######## #..#####..#
#.........# ##........#


You could see an orc priest and 3 orcs.

Vanquished Creatures
  3 gnolls (D:3)
  An adder (D:3)
  A leopard gecko (D:3)
  3 giant cockroaches
  2 hobgoblins
  6 jackals (D:3)
  A quokka (D:2)
  3 bats
  7 goblins
  4 kobolds
  5 rats
36 creatures vanquished.

Notes
Turn   | Place    | Note
-------+----------+-------------------------------------------
     0 | D:1      | smallpebble the Hill Orc Fighter began the quest for the
                  | Orb.
     0 | D:1      | Reached XP level 1. HP: 19/19 MP: 1/1
   336 | D:1      | Reached XP level 2. HP: 25/27 MP: 2/2
   830 | D:2      | Reached skill level 4 in Fighting
  1074 | D:2      | Reached XP level 3. HP: 33/33 MP: 3/3
  1093 | D:2      | Found a hazy altar of Hepliaklqana.
  1093 | D:2      | Found a sacrificial altar of Ru.
  1093 | D:2      | Found a shattered altar of Ashenzari.
  1478 | D:2      | Became a worshipper of Ru the Awakened
  1560 | D:3      | Gained mutation: You expend magic power (3 MP) to
                  | strengthen your wands. [potion of mutation]
  1560 | D:3      | Gained mutation: Your system is resistant to poisons.
                  | (rPois) [potion of mutation]
  1608 | D:3      | Reached skill level 1 in Dodging
  1610 | D:3      | Reached XP level 4. HP: 35/40 MP: 0/4
  1685 | D:3      | Found a runed gate.
  1806 | D:3      | Killed from afar by an orc priest

Skill      XL: |  1  2  3 |
---------------+----------+-----
Fighting       | 4 |  4.0
Axes           | 3 |  3.1
Dodging        | 1 |  1.9
Armour         | |  3.9
Shields        | |  3.4
Evocations     | |  0.4

Action                   |  1- 3 |  4- 6 || total
-------------------------+-------+-------++-------
Melee: War axe           |    88 |    22 ||   110
Evoke: Wand              |     5 |       ||     5
  Use: Scroll            |     2 |     1 ||     3
       Potion            |     2 |       ||     2
  Eat: Ration            |     1 |       ||     1
Armor: Scale mail        |    39 |    20 ||    59
Dodge: Dodged            |    38 |    14 ||    52
Block: Shield            |    54 |    12 ||    66
